 Dungeon Crawl Stone Soup version 0.27.0-1-g7a089689b8 (webtiles) character file.

Game seed: 10682250289367519064

91 Smaepdii the Ducker (level 4, -2/34 HPs)
             Began as a Djinni Gladiator on Aug 16, 2021.
             Was a Believer of Uskayaw.
             Slain by Sigmund (12 damage)
             ... on level 3 of the Dungeon.
             The game lasted 00:10:11 (3021 turns).

Smaepdii the Ducker (Djinni Gladiator)              Turns: 3021, Time: 00:10:12

Health: -2/34      AC:  4    Str: 13    XL:     4   Next: 87%
Gold:   68         EV: 13    Int: 10    God:    Uskayaw [**....] SH:  0 Dex: 15

rFire    + + .     SeeInvis +   a - +0 long sword
rCold    x . .     Faith    .   (no shield)
rNeg     . . .     Spirit   .   b - +0 leather armour
rPois    ∞         Reflect  .   c - +0 helmet
rElec    .         Harm     .   (no cloak)
rCorr    .         Rampage  .   (no gloves)
Will     .....                  (boots unavailable)
Stlth    +.........             (no amulet)
HPRegen  0.11/turn              h - +4 ring of slaying
MPRegen  0.00/turn              f - ring of see invisible

@: flying
A: sickness immunity, fire resistance 2, cold vulnerability 1, float, innate
caster, hp casting, extra vitality 1
a: Renounce Religion, Stomp, Line Pass


You were on level 3 of the Dungeon.
You worshipped Uskayaw.
Uskayaw was noncommittal.
You visited 1 branch of the dungeon, and saw 3 of its levels.

You collected 68 gold pieces.

Inventory:

Hand Weapons
 a - a +0 long sword (weapon)
Missiles
 m - 3 silver javelins (quivered)
Armour
 b - a +0 leather armour (worn)
 c - a +0 helmet (worn)
Magical Staves
 k - a staff of conjuration
Jewellery
 f - a ring of see invisible (right hand)
 h - a +4 ring of slaying (left hand)
 j - a ring of positive energy
 p - a +4 ring of slaying
Scrolls
 e - a scroll of teleportation {unknown}
 i - a scroll of amnesia {unknown}
 n - 2 scrolls of enchant armour {unknown}
 r - a scroll of identify {unknown}
 s - a scroll of blinking {unknown}
Potions
 g - 5 potions of curing {unknown}
 l - 2 potions of flight {unknown}
 o - a potion of haste {unknown}
 q - a potion of berserk rage {unknown}


   Skills:
 + Level 2.7 Fighting
 * Level 3.6 Long Blades
 - Level 1.6 Throwing
 + Level 3.8 Dodging
 + Level 1.0 Spellcasting


You had 4 spell levels left.
You knew the following spells:

 Your Spells              Type           Power      Damage    Failure   Level
a - Foxfire               Conj/Fire      8%         2x1d4     28%         1
Your spell library was empty.

Dungeon Overview and Level Annotations

Branches:
Dungeon (3/15)

Altars:
Uskayaw

Annotations:
D:3 Sigmund


Innate Abilities, Weirdness & Mutations

You are immune to sickness and miasma.
You are immune to poison.
Your flesh is very heat resistant. (rF++)
You are vulnerable to cold. (rC-)
You float through the air rather than walking.
You learn spells naturally, not from books.
Your magical power is your life essence.
You have superior vitality. (+4 HP)


Message History

Sigmund points at you and mumbles some strange words.
You are more confused.
Sigmund points at you and mumbles some strange words.
The magic dart hits you. Sigmund barely misses you.
Sigmund asks, "Do you like me?"
You bump into the rock wall.
Sigmund misses you. Sigmund closely misses you. Sigmund barely misses you.
Sigmund barely misses you. Sigmund closely misses you.
Sigmund hits you from afar with a +0 scythe!
You feel less confused. Sigmund barely misses you.
Throw: 6 javelins (silver)
Press: ? - help, Q - select action, (/) - cycle Shift-Dir - straight line, f - Sigmund
Aim: Sigmund, wielding a +0 scythe and wearing a +0 robe (slightly transparent, 61% to hit)
You throw a silver javelin.
The silver javelin pierces through Sigmund.
Sigmund is moderately wounded.
Sigmund casts a spell at you. The puff of flame hits you. You resist.
Throw: 5 javelins (silver)
Press: ? - help, Q - select action, (/) - cycle Shift-Dir - straight line, f/p - Sigmund
Aim: Sigmund, wielding a +0 scythe and wearing a +0 robe (moderately wounded, slightly transparent, 61% to hit)
You throw a silver javelin.
The silver javelin pierces through Sigmund.
Sigmund is heavily wounded.
Sigmund screams, "Die, monster!"
Sigmund barely misses you.
Sigmund hits you from afar with a +0 scythe!
* * * LOW HITPOINT WARNING * * *
You can now pass through a line of other dancers.
Throw: 4 javelins (silver)
Press: ? - help, Q - select action, (/) - cycle Shift-Dir - straight line, f/p - Sigmund
Aim: Sigmund, wielding a +0 scythe and wearing a +0 robe (heavily wounded, slightly transparent, 61% to hit)
You throw a silver javelin.
The silver javelin closely misses Sigmund.
Sigmund hits you from afar with a +0 scythe!
You die...

#......# ##### #..>...#
#.... #......# ######....
#......# #.........
#......# #<.....(..
#...(..# #.........
#......# #......###
####...#####......##.
#...@...........)..'.
#.###.......####......##.
#........@..# #########.
#####.......# ##
#(......# #.......#
#......(# #.......#
#.......#


You could see Sigmund (invisible).

Vanquished Creatures
  3 adders (D:2)
  2 worms (D:2)
  4 dart slugs
  An orc (D:3)
  4 bats
  6 endoplasms
  5 giant cockroaches
  5 goblins
  A hobgoblin (D:1)
  A quokka (D:3)
  7 ball pythons
  2 frilled lizards (D:2)
  4 kobolds
  2 rats
47 creatures vanquished.

Vanquished Creatures (others)
  63 foxfires
63 creatures vanquished.

Grand Total: 110 creatures vanquished

Notes
Turn   | Place    | Note
-------+----------+-------------------------------------------
     0 | D:1      | Smaepdii the Djinni Gladiator began the quest for the Orb.
     0 | D:1      | Reached XP level 1. HP: 18/18 MP: 0/0
   273 | D:1      | Reached XP level 2. HP: 23/23 MP: 0/0
   755 | D:1      | Reached XP level 3. HP: 28/28 MP: 0/0
   755 | D:1      | Learned a level 1 spell: Foxfire
  1631 | D:2      | Reached XP level 4. HP: 29/34 MP: 0/0
  2404 | D:2      | Reached skill level 1 in Spellcasting
  2874 | D:3      | Found a hide-covered altar of Uskayaw.
  2917 | D:3      | Became a worshipper of Uskayaw the Reveller
  2925 | D:3      | Reached * piety under Uskayaw
  2998 | D:3      | Noticed Sigmund
  3020 | D:3      | Reached ** piety under Uskayaw
  3021 | D:3      | Slain by Sigmund

Illustrated notes

Levels and vault maps discovered:
D:1:      heliophobic_arrival_ceremonial_halls, layout_loops_corners
D:2:      layout_basic
D:3:      layout_basic, lemuel_doored_altar, hangedman_decor_clover_reticule,
          amethyst_killhole, minmay_fractal_squares_gapless_5, uniq_sigmund

Skill      XL: |  1  2  3  4 |
---------------+-------------+-----
Long Blades    | 3 |  3.6
Spellcasting   | 1 |  1.0
Fighting       | |  2.7
Throwing       | |  1.6
Dodging        | |  3.8

Action                   |  1- 3 |  4- 6 || total
-------------------------+-------+-------++-------
Melee: Long sword        |    45 |    20 ||    65
Throw: Javelin           |       |     4 ||     4
       Throwing net      |       |     3 ||     3
 Cast: Foxfire           |    18 |    30 ||    48
 Stab: Sleeping          |       |     1 ||     1
Armor: Leather armour    |    13 |    13 ||    26
Dodge: Dodged            |    30 |    31 ||    61
       Rpst.: Long sword |    11 |     8 ||    19
